 Dungeon Crawl Stone Soup version 0.27-a0-1302-g7736ffe575 (webtiles) character file.

Game seed: 12543126937206320791

118066 Froggeryz the Severer (level 16, -4/135 HPs)
             Began as a Palentonga Abyssal Knight on June 18, 2021.
             Was the Champion of Lugonu.
             Killed from afar by Aizul (23 damage)
             ... with a poison arrow
             ... on level 4 of the Swamp.
             The game lasted 00:40:33 (33015 turns).

Froggeryz the Severer (Palentonga Abyssal Knight)  Turns: 33015, Time: 00:40:34

Health: -4/135     AC: 40    Str: 25    XL:     16   Next: 24%
Magic:  35/35      EV:  4    Int: 12    God:    Lugonu [******]
Gold:   2438       SH: 18    Dex: 23    Spells: 15/15 levels left

rFire    + + .     SeeInvis +   E - +9 broad axe (distort)
rCold    + + +     Faith    .   H - +0 kite shield
rNeg     . . .     Spirit   .   V - +2 plate armour {Will+}
rPois    .         Reflect  +   b - +1 helmet {Int+3}
rElec    +         Harm     .   j - scarf {rC+ rF+}
rCorr    .         Rampage  .   t - +2 pair of gloves of a bazaar {Str+5 Dex+3 Stlth+}
Will     ++...                  Q - +2 barding {Fly}
Stlth    ..........             N - amulet of reflection
HPRegen  0.32/turn              S - ring "Gudar" {rElec rC++ MP+9 Int-3 Stlth+}
MPRegen  0.24/turn              a - ring "Nyluasuokhu" {Contam rF+ AC+4 Dex+7}

@: lethally poisoned (-4 -> -31), flying, studying Invocations, curled up
A: large, rugged brown scales 3, see invisible, deformed body, roll 1, armoured
tail, reflexive curl
a: Rolling Charge, Renounce Religion, Depart the Abyss, Bend Space, Banish,
Corrupt, Enter the Abyss


You were on level 4 of the Swamp.
You worshipped Lugonu.
Lugonu was exalted by your worship.
You visited 5 branches of the dungeon, and saw 24 of its levels.
You visited the Abyss 1 time.
You also visited: Ossuary, Gauntlet and Volcano.

You collected 4222 gold pieces.
You spent 1784 gold pieces at shops.

Inventory:

Hand Weapons
 y - a +2 broad axe of freezing
 E - a +9 broad axe of distortion (weapon)
 W - a +2 broad axe of flaming
Missiles
 f - 2 atropa-tipped darts
 F - 8 curare-tipped darts (quivered)
 G - 6 silver javelins
 T - 13 javelins
Armour
 b - a +1 helmet of intelligence (worn)
 j - a scarf of resistance (worn)
 s - a +0 tower shield
 t - the +2 pair of gloves of a bazaar (worn) {Str+5 Dex+3 Stlth+}
   (You found it on level 9 of the Dungeon)

   It affects your strength (+5).
   It affects your dexterity (+3).
   It makes you more stealthy.
 H - a +0 kite shield (worn)
 Q - a +2 barding of flying (worn)
 R - the +1 pair of gloves "Loedeg" {Rampage rC++ rCorr Dex-5}
   (You found it in a Gauntlet)

   It affects your dexterity (-5).
   It greatly protects you from cold.
   It protects you from acid and corrosion.
   It bestows one free step when moving towards enemies.
 V - a +2 plate armour of willpower (worn)
Jewellery
 a - the ring "Nyluasuokhu" (right hand) {Contam rF+ AC+4 Dex+7}
   (You acquired it on level 7 of the Dungeon)

   [ring of protection]

   It affects your AC (+4).
   It affects your dexterity (+7).
   It protects you from fire.
   It causes magical contamination when unequipped.
 h - a ring of protection from cold
 B - a ring of protection from fire
 N - an amulet of reflection (around neck)
 S - the ring "Gudar" (left hand) {rElec rC++ MP+9 Int-3 Stlth+}
   (You took it off a minotaur in a Gauntlet)

   [ring of magical power]

   It affects your intelligence (-3).
   It greatly protects you from cold.
   It insulates you from electricity.
   It affects your magic capacity (+9).
   It makes you more stealthy.
Wands
 A - a wand of iceblast (21)
 C - a wand of digging (10)
 I - a wand of flame (35)
 K - a wand of mindburst (7)
 M - a wand of acid (10)
 P - a wand of paralysis (9)
Scrolls
 d - 2 scrolls of fear
 g - a scroll of brand weapon
 m - 2 scrolls of magic mapping
 n - 5 scrolls of fog
 p - 7 scrolls of amnesia
 r - 9 scrolls of enchant armour
 u - 7 scrolls of teleportation
 w - a scroll of blinking
 D - 2 scrolls of silence
 L - 8 scrolls of identify
 O - 4 scrolls of immolation
 Y - 2 scrolls of enchant weapon
 Z - a scroll of holy word
Potions
 c - 6 potions of invisibility
 i - 8 potions of ambrosia
 k - 2 potions of lignification
 l - 4 potions of mutation
 o - 17 potions of curing
 v - 4 potions of haste
 x - 5 potions of might
 z - 2 potions of cancellation
 J - 5 potions of attraction
 X - 2 potions of berserk rage
Miscellaneous
 e - a condenser vane


   Skills:
 + Level 12.0 Fighting
 - Level 18.0 Axes
 * Level 12.3 Armour
 - Level 0.7 Dodging
 - Level 9.0 Shields
 + Level 13.4 Invocations


You had 15 spell levels left.
You didn't know any spells.
Your spell library contained the following spells:

 Spells                   Type           Power      Damage    Failure   Level
 Corona                   Hex            0%         N/A       96%         1
 Foxfire                  Conj/Fire      0%         2x1d4     96%         1
 Freeze                   Ice            0%         1d3       96%         1
 Magic Dart               Conj           0%         1d3       96%         1
 Sting                    Tmut/Pois      0%         1d3       96%         1
 Blink                    Tloc           N/A        N/A       99%         2
 Call Imp                 Summ           0%         N/A       99%         2
 Passwall                 Tmut/Erth      0%         N/A       99%         2
 Poisonous Vapours        Pois/Air       0%         N/A       99%         2
 Searing Ray              Conj           0%         3d3       99%         2
 Slow                     Hex            0%         N/A       99%         2
 Confusing Touch          Hex            0%         N/A       100%        3
 Conjure Flame            Conj/Fire      0%         6-21      100%        3
 Dazzling Flash           Conj/Hex       0%         N/A       100%        3
 Frozen Ramparts          Ice            0%         1d2       100%        3
 Gell's Gravitas          Tloc           0%         N/A       100%        3
 Ignite Poison            Fire/Tmut/Pois 0%         N/A       100%        3
 Inner Flame              Hex/Fire       0%         N/A       100%        3
 Mephitic Cloud           Conj/Pois/Air  0%         N/A       100%        3
 Ozocubu's Armour         Ice            0%         N/A       100%        3
 Portal Projectile        Hex/Tloc       0%         N/A       100%        3
 Swiftness                Air            0%         N/A       100%        3
 Cause Fear               Hex            0%         N/A       100%        4
 Fulminant Prism          Conj/Hex       0%         3d6       100%        4
 Hailstorm                Conj/Ice       0%         3d3       100%        4
 Iskenderun's Mystic Bla  Conj/Tloc      0%         2d3       100%        4
 Leda's Liquefaction      Hex/Erth       0%         N/A       100%        4
 Olgreb's Toxic Radiance  Pois           0%         N/A       100%        4
 Passage of Golubria      Tloc           N/A        N/A       100%        4
 Petrify                  Tmut/Erth      0%         N/A       100%        4
 Sticky Flame             Conj/Fire      0%         2d3       100%        4
 Fireball                 Conj/Fire      0%         3d3       100%        5
 Lee's Rapid Deconstruct  Erth           0%         3d5*      100%        5
 Metabolic Englaciation   Hex/Ice        0%         N/A       100%        5
 Silence                  Hex/Air        0%         N/A       100%        5
 Yara's Violent Unravell  Hex/Tmut       0%         3d3       100%        5
 Invisibility             Hex            0%         N/A       100%        6
 Discord                  Hex            0%         N/A       100%        8


Dungeon Overview and Level Annotations

Branches:
Dungeon (11/15)            Temple (0/1) D:6            Lair (6/6) D:11
  Swamp (4/4) Lair:4       Spider (0/4) Lair:4        Slime (1/5) Lair:5
    Orc (2/2) D:9             Elf (0/3) Orc:2       Ossuary (visited)
Volcano (visited)         Gauntlet (visited)

Altars:
Ashenzari
Dithmenos
Elyvilon
Hepliaklqana
Xom
Yredelemnul
Beogh
Jiyva

Shops:
Orc:2 =*?!=

Annotations:
Swamp:4 Aizul, Lernaean hydra


Innate Abilities, Weirdness & Mutations

You are completely covered in rugged brown scales. (AC +3, +7% HP)
You have supernaturally acute eyesight. (SInv)
Armour fits poorly on your strangely shaped body.
You can roll at nearby foes to attack.
You have a long armoured tail.
You curl defensively after being hit.


Message History

Aizul casts a spell at you. You resist with some effort.
The swamp dragon breathes poison at you.
The blast of poison engulfs you.
You are poisoned.
You hear a roar! x2
Roll where?
Press: ? - help, Dir - move target, f - bog body
Aim: a bog body You roll forward with a clatter of scales!
You slice the bog body!!
Space bends around the bog body.
You tail-slap the bog body.
The bog body is almost destroyed.
You barely miss the swamp dragon.
You feel sick.
Aizul coils herself and waves her upper body at you.
The bolt of poison hits you!!
You are more poisoned.
* * * LOW HITPOINT WARNING * * *
You block the swamp dragon's attack. x2
The swamp dragon tramples you but does no damage.
Aizul casts a spell at you. The bolt of poison hits you!
You are lethally poisoned!
* * * LOW HITPOINT WARNING * * *
You block the bog body's attack.
You feel better.
The swamp dragon bites you but does no damage.
The swamp dragon claws you but does no damage.
The swamp dragon tramples you but does no damage.
The bog body touches you!
* * * LOW HITPOINT WARNING * * *
The bog body freezes you. You resist.
* * * LOW HITPOINT WARNING * * *
As you read the scroll of fear, it crumbles to dust.
You assume a fearsome visage.
The swamp dragon looks frightened!
The bog body is unaffected.
Aizul resists with some effort.
Aizul coils herself and waves her upper body at you.
The poison arrow hits you!!
You are lethally poisoned!
You die...

♣...≈.♣♣....♣♣
♣.≈≈≈≈♣.≈≈§≈≈♣ ♣..≈
♣♣......≈≈§≈.♣ ♣♣♣♣..≈
♣.....†.†§≈≈≈♣♣♣♣≈≈..≈
♣.≈.♣♣♣.≈☼≈○..♣♣..≈≈≈
♣..≈♣♣♣≈§≈☼≈○≈♣≈.≈≈.
♣♣♣♣♣≈..○§○○≈≈..§≈.
♣.≈≈≈♣♣♣○S≈≈≈..♣
♣≈≈≈≈≈♣♣≈@D≈≈≈$<♣
♣≈≈≈≈≈.♣.n≈≈≈≈.♣#
♣≈.≈≈≈.≈)≈≈≈.≈.# #
♣≈.≈≈≈≈≈.≈≈.≈≈<# .≈
.≈≈≈≈..≈≈≈≈.≈# (.P
.≈.♣≈.≈≈≈≈.≈≈# .≈.
♣♣♣♣♣≈$..≈≈≈.## .'.(..
♣♣≈♣.≈≈≈.≈####'#..P#
♣♣♣♣.≈≈≈≈†≈.n...8..


You could see Aizul, a swamp dragon (fleeing) and a bog body.

Vanquished Creatures
  The ghost of hemabe71 the Covert, an adept HuAr of Trog (Swamp:2)
  A red draconian (Volcano)
  7 dire elephants (Lair:6)
  4 bunyips
  A minotaur (Gauntlet)
  The ghost of feta the Grappler, a journeyman TrMo of Hepliaklqana (Orc:2)
  2 eleionomae
  An ettin (Orc:2)
  Erolcha (D:10)
  A centaur warrior (Volcano)
  2 ogre magi (Orc:2)
  16 hydras
  A catoblepas (Lair:3)
  10 two-headed ogres
  2 alligators
  6 death yaks
  The ghost of HAL9000 the Covert, a journeyman VSBr of Uskayaw (D:9)
  A spectral dire elephant (Lair:6)
  Nergalle (D:10)
  Urug (Lair:6)
  4 spriggans
  A thrashing horror (Gauntlet)
  An orc high priest (Orc:2)
  An iron troll (Orc:2)
  A spectral anaconda (Lair:6)
  2 spriggan druids
  A deep troll (Orc:2)
  2 goliath frogs (Swamp:1)
  12 bog bodies
  An obsidian statue (Lair:6)
  4 swamp dragons
  An orc sorcerer (Orc:1)
  4 necromancers
  2 cyclopes (Orc:2)
  2 will-o-the-wisps
  A manticore (D:10)
  6 black mambas
  17 elephants
  2 dire elephant zombies (Lair:6)
  2 molten gargoyles (Volcano)
  6 cane toads
  3 unseen horrors
  2 kobold demonologists
  5 komodo dragons
  A minotaur zombie (Gauntlet)
  A yaktaur (Volcano)
  A queen bee (D:9)
  An ice devil (Gauntlet)
  3 jumping spiders (Lair:4)
  11 trolls
  A polar bear (Lair:5)
  6 tyrant leeches
  6 slime creatures (Slime:1)
  3 hornets
  4 blink frogs (Lair:2)
  2 small abominations (Gauntlet)
  2 spectral elephants (Lair:6)
  A ynoxinul (Gauntlet)
  Sigmund (D:3)
  5 wyverns
  2 redbacks (Lair:4)
  4 basilisks
  2 fire bats (Volcano)
  Grum (Lair:1)
  35 yaks
  13 vampire mosquitoes
  A steam dragon (D:8)
  13 swamp worms
  3 wargs
  A spectral cane toad (Lair:6)
  27 orc warriors
  14 water moccasins
  4 swamp drakes
  An ice beast (D:7)
  A sky beast (D:7)
  3 elephant zombies
  21 ogres
  18 wolves
  6 elephant skeletons (Lair:6)
  7 centaurs
  2 kobold brigands
  2 komodo dragon zombies (Lair:4)
  2 gnoll sergeants
  8 bullfrogs
  2 water moccasin skeletons
  2 wyvern skeletons (D:6)
  17 killer bees (D:9)
  8 wights
  A howler monkey (D:4)
  4 lava snakes (Volcano)
  12 electric eels
  6 centaur zombies
  2 hounds
  3 iron imps (Gauntlet)
  14 orc priests
  2 gnoll shamans (D:5)
  A jelly (D:4)
  A bullfrog skeleton (D:5)
  4 iguanas
  18 orc wizards
  5 hell rats (Lair:5)
  A killer bee zombie (D:9)
  A mummy (Ossuary)
  7 adders
  22 gnolls
  3 white imps (Gauntlet)
  2 adder skeletons
  2 worms
  3 dart slugs
  86 orcs
  2 spectral bats (Ossuary)
  7 endoplasms
  3 giant cockroaches
  12 gnoll zombies (Ossuary)
  3 goblins
  4 hobgoblins
  12 jackals
  2 quokkas
  8 ball pythons
  4 bats
  2 bat simulacra (Ossuary)
  4 frilled lizards
  2 goblin simulacra (Ossuary)
  6 goblin zombies (Ossuary)
  3 hobgoblin zombies (Ossuary)
  18 kobolds
  4 kobold simulacra (Ossuary)
  4 kobold zombies (Ossuary)
  5 orc zombies (Ossuary)
  7 rats
  2 rat simulacra (Ossuary)
  4 spectral goblins (Ossuary)
  2 spectral kobolds (Ossuary)
  A spectral rat (Ossuary)
  A withered plant (Lair:6)
735 creatures vanquished.

Vanquished Creatures (others)
  A bloated husk (Swamp:3)
  A spriggan (Swamp:3)
  14 demonic plants (Gauntlet)
  8 foxfires (Swamp:4)
  23 fungi
  83 plants
  25 withered plants (Lair:6)
155 creatures vanquished.

Grand Total: 890 creatures vanquished

Notes
Turn   | Place    | Note
-------+----------+-------------------------------------------
     0 | Abyss:1  | Froggeryz the Palentonga Abyssal Knight began the quest for
                  | the Orb.
     0 | Abyss:1  | Reached XP level 1. HP: 19/19 MP: 2/2
    22 | Abyss:1  | Found an ornate altar of the Wu Jian Council.
    63 | Abyss:1  | Found a corrupted altar of Lugonu.
    71 | Abyss:1  | Noticed a quicksilver dragon skeleton
    78 | D:1      | Escaped the Abyss
   371 | D:1      | Reached * piety under Lugonu
   372 | D:1      | Reached XP level 2. HP: 25/25 MP: 3/3
   476 | D:1      | Reached skill level 3 in Axes
   721 | D:1      | Found a faded altar of an unknown god.
  1216 | D:2      | Reached XP level 3. HP: 30/31 MP: 4/4
  1683 | D:2      | Reached skill level 4 in Axes
  2059 | D:3      | Noticed Sigmund
  2060 | D:3      | Found a hazy altar of Hepliaklqana.
  2075 | D:3      | Killed Sigmund
  2076 | D:3      | Reached skill level 6 in Axes
  2076 | D:3      | Reached XP level 4. HP: 30/37 MP: 5/5
  2076 | D:3      | Reached XP level 5. HP: 35/43 MP: 6/6
  2417 | D:3      | Reached ** piety under Lugonu
  3039 | D:4      | Reached XP level 6. HP: 49/50 MP: 7/7
  3332 | D:4      | Reached skill level 7 in Axes
  4450 | D:4      | Gained mutation: You curl defensively after being hit.
                  | [Palentonga growth]
  4450 | D:4      | Reached XP level 7. HP: 15/55 MP: 8/8
  4954 | D:4      | Reached skill level 8 in Axes
  5138 | D:5      | Entered Level 5 of the Dungeon
  5721 | D:5      | Reached *** piety under Lugonu
  5764 | D:5      | Reached skill level 9 in Axes
  6784 | D:5      | Found a shadowy altar of Dithmenos.
  6908 | D:6      | Reached XP level 8. HP: 62/62 MP: 9/9
  7035 | D:6      | Found a sand-covered staircase.
  7053 | Ossuary  | Entered an ossuary
  7211 | Ossuary  | Reached **** piety under Lugonu
  7563 | D:6      | Reached skill level 10 in Axes
  8351 | D:5      | Reached skill level 1 in Shields
  8947 | D:6      | Found a staircase to the Ecumenical Temple.
  9478 | D:7      | Identified 3 scrolls of acquirement
  9481 | D:7      | Acquired a +7 vorpal broad axe
  9485 | D:7      | Acquired a manual of Invocations
  9487 | D:7      | Acquired the ring "Nyluasuokhu" {Contam rF+ AC+4 Dex+7}
  9556 | D:7      | Reached skill level 11 in Axes
 10057 | D:7      | Reached XP level 9. HP: 59/67 MP: 10/10
 10205 | D:8      | Noticed a two-headed ogre
 10250 | D:8      | HP: 3/67 [orc warrior (9)]
 10626 | D:8      | Killed a two-headed ogre
 10627 | D:8      | Reached skill level 12 in Axes
 10655 | D:8      | Reached ***** piety under Lugonu
 11277 | D:8      | Found a broken altar of Ashenzari.
 11277 | D:8      | Found a basalt altar of Yredelemnul.
 11664 | D:8      | Noticed a two-headed ogre
 11669 | D:8      | Killed a two-headed ogre
 11670 | D:8      | Reached skill level 13 in Axes
 11670 | D:8      | Reached skill level 5 in Shields
 11670 | D:8      | Reached XP level 10. HP: 71/74 MP: 11/11
 11821 | D:9      | Found a runed translucent gate.
 11821 | D:9      | Found a runed translucent gate.
 11822 | D:9      | Found a runed translucent gate.
 11832 | D:9      | Identified the +5 plate armour "Ymuakku" {Will- Regen+
                  | Dex+3}
 11832 | D:9      | Noticed HAL9000's ghost (journeyman VSBr)
 12144 | D:9      | Found a white marble altar of Elyvilon.
 12311 | D:9      | Identified the +3 leather armour of Complete Protection
                  | {Int+4}
 13201 | D:9      | Reached skill level 14 in Axes
 13600 | D:9      | Found a staircase to the Orcish Mines.
 13839 | D:9      | Killed HAL9000's ghost
 13840 | D:9      | Reached XP level 11. HP: 50/80 MP: 12/12
 14081 | D:9      | Identified the +2 pair of gloves of a bazaar {Str+5 Dex+3
                  | Stlth+}
 14112 | D:10     | Entered Level 10 of the Dungeon
 14117 | D:10     | Noticed a two-headed ogre
 14125 | D:10     | Killed a two-headed ogre
 14371 | D:10     | You fall into a shaft and drop 1 floor!
 14526 | D:10     | Noticed Nergalle
 14561 | D:10     | Killed Nergalle
 14562 | D:10     | Reached skill level 15 in Axes
 15190 | D:10     | Noticed Erolcha
 15195 | D:10     | Killed Erolcha
 15390 | D:10     | Found a shimmering altar of Xom.
 15579 | D:11     | Found a staircase to the Lair.
 16495 | Lair:1   | Entered Level 1 of the Lair of Beasts
 16560 | Lair:1   | Noticed a six-headed hydra
 16561 | Lair:1   | Noticed a four-headed hydra
 16572 | Lair:1   | Noticed a six-headed hydra
 17012 | Lair:2   | Reached skill level 16 in Axes
 17529 | Lair:1   | Reached XP level 12. HP: 86/86 MP: 13/13
 17531 | Lair:1   | Noticed a seven-headed hydra
 17536 | Lair:1   | Noticed Grum
 17537 | Lair:1   | Killed a ten-headed hydra
 17542 | Lair:1   | Killed Grum
 17606 | Lair:1   | Killed a nine-headed hydra
 17760 | Lair:1   | Killed a ten-headed hydra
 18166 | Lair:1   | Reached ****** piety under Lugonu
 18187 | Lair:1   | Killed an eight-headed hydra
 18850 | Lair:3   | Noticed a seven-headed hydra
 18860 | Lair:3   | Killed a 14-headed hydra
 18861 | Lair:3   | Reached skill level 17 in Axes
 19028 | Lair:3   | Found a gate leading to a gauntlet.
 19036 | Lair:3   | Noticed a catoblepas
 19042 | Gauntlet | Entered a Gauntlet
 19042 | Gauntlet | Found a transporter.
 19042 | Gauntlet | Found a transporter.
 19175 | Gauntlet | Acquired 864 gold pieces
 19177 | Gauntlet | Acquired a +2 barding of flying
 19190 | Gauntlet | Found a transporter.
 19190 | Gauntlet | Found a transporter.
 19202 | Gauntlet | Found a transporter.
 19210 | Gauntlet | Found a transporter.
 19210 | Gauntlet | Found a transporter.
 19212 | Gauntlet | Found a transporter.
 19255 | Gauntlet | Found a transporter.
 19277 | Gauntlet | Found a transporter.
 19313 | Gauntlet | Found a transporter.
 19315 | Gauntlet | Found a large runed translucent door.
 19315 | Gauntlet | Found a large runed translucent door.
 19316 | Gauntlet | Found a large runed translucent door.
 19316 | Gauntlet | Found a large runed translucent door.
 19317 | Gauntlet | Found a large runed translucent door.
 19317 | Gauntlet | Found a runed translucent door.
 19317 | Gauntlet | Found a large runed translucent door.
 19317 | Gauntlet | Found a runed translucent door.
 19317 | Gauntlet | Found a large runed translucent door.
 19317 | Gauntlet | Found a large runed translucent door.
 19318 | Gauntlet | Found a large runed translucent door.
 19318 | Gauntlet | Found a large runed translucent door.
 19321 | Gauntlet | Found a large runed translucent door.
 19321 | Gauntlet | Found a large runed translucent door.
 19322 | Gauntlet | Found a large runed translucent door.
 19322 | Gauntlet | Found a large runed translucent door.
 19322 | Gauntlet | Found a large runed translucent door.
 19322 | Gauntlet | Found a large runed translucent door.
 19325 | Gauntlet | Found a runed translucent gate.
 19325 | Gauntlet | Found a runed translucent gate.
 19325 | Gauntlet | Found a runed translucent gate.
 19327 | Gauntlet | Found a transporter.
 19340 | Gauntlet | Found a transporter.
 19434 | Gauntlet | Found a transporter.
 19448 | Gauntlet | Found a transporter.
 19462 | Gauntlet | Found a transporter.
 19572 | Gauntlet | Identified the +8 bardiche "Weigot" {elec, *Noise Fly
                  | Stlth+}
 19600 | Gauntlet | Identified the +1 pair of gloves "Loedeg" {Rampage rC++
                  | rCorr Dex-5}
 19756 | Gauntlet | Identified the +1 pair of boots of the Lily {rPois Str+4
                  | Int-2 Dex+8}
 19772 | Gauntlet | Identified the ring "Gudar" {rElec rC++ MP+9 Int-3 Stlth+}
 19772 | Gauntlet | Noticed a minotaur
 19781 | Gauntlet | Killed a minotaur
 19782 | Gauntlet | Reached skill level 5 in Fighting
 20045 | Gauntlet | Identified the +3 arbalest "Ungaa" {freeze, rElec rF- rN+
                  | Dex+5}
 20078 | Lair:3   | Killed a catoblepas
 20099 | Lair:3   | Reached XP level 13. HP: 79/98 MP: 14/14
 20255 | Lair:3   | Reached skill level 18 in Axes
 22019 | Lair:4   | Found a staircase to the Swamp.
 22052 | Lair:4   | Found a hole to the Spider Nest.
 22196 | Lair:5   | Found a staircase to the Slime Pits.
 22196 | Lair:5   | Found a viscous altar of Jiyva.
 22212 | Lair:5   | Reached skill level 5 in Armour
 23212 | Slime:1  | Entered Level 1 of the Pits of Slime
 23265 | Lair:6   | Entered Level 6 of the Lair of Beasts
 23355 | Lair:6   | Noticed Urug
 23361 | Lair:6   | Killed Urug
 23795 | Lair:6   | Noticed a dire elephant
 23795 | Lair:6   | Noticed a dire elephant
 23798 | Lair:6   | Noticed a dire elephant
 23799 | Lair:6   | Reached XP level 14. HP: 113/113 MP: 16/16
 24254 | Lair:6   | Reached skill level 5 in Invocations
 25763 | Lair:6   | Acquired 773 gold pieces
 25986 | Orc:1    | Entered Level 1 of the Orcish Mines
 26246 | Orc:2    | Entered Level 2 of the Orcish Mines
 26269 | Orc:2    | Found Okhyiset's Jewellery Shoppe.
 26291 | Orc:2    | Found Tuigeiv's Distillery.
 26305 | Orc:2    | Reached skill level 10 in Fighting
 26543 | Orc:2    | Found Buret's General Store.
 26547 | Orc:2    | Reached XP level 15. HP: 94/123 MP: 22/22
 26550 | Orc:2    | Found a dark tunnel.
 26559 | Volcano  | Entered a volcano
 26742 | Volcano  | Found a burning altar of Makhleb.
 26813 | Volcano  | Reached skill level 10 in Armour
 27048 | Orc:2    | Found Pibleca's Magic Scroll Shoppe.
 27051 | Orc:2    | Found Kaalih's Jewellery Emporium.
 27053 | Orc:2    | Bought a potion of curing for 45 gold pieces
 27053 | Orc:2    | Bought a scroll of teleportation for 45 gold pieces
 27078 | Orc:2    | Reached skill level 10 in Invocations
 27177 | Orc:2    | Bought a scroll of fog for 32 gold pieces
 27177 | Orc:2    | Bought a scroll of enchant armour for 120 gold pieces
 27177 | Orc:2    | Bought a scroll of enchant armour for 120 gold pieces
 27177 | Orc:2    | Bought a scroll of enchant weapon for 120 gold pieces
 27177 | Orc:2    | Bought a scroll of fog for 32 gold pieces
 27177 | Orc:2    | Bought a scroll of teleportation for 48 gold pieces
 27177 | Orc:2    | Bought a scroll of immolation for 56 gold pieces
 27177 | Orc:2    | Bought a scroll of immolation for 56 gold pieces
 27177 | Orc:2    | Bought a scroll of magic mapping for 56 gold pieces
 27177 | Orc:2    | Bought a scroll of holy word for 120 gold pieces
 27217 | Orc:2    | Bought a potion of heal wounds for 70 gold pieces
 27217 | Orc:2    | Bought a potion of heal wounds for 70 gold pieces
 27217 | Orc:2    | Bought a potion of haste for 140 gold pieces
 27217 | Orc:2    | Bought 2 potions of curing for 84 gold pieces
 27217 | Orc:2    | Bought a potion of mutation for 112 gold pieces
 27217 | Orc:2    | Bought a potion of curing for 42 gold pieces
 27217 | Orc:2    | Bought a potion of might for 56 gold pieces
 27269 | Orc:2    | Bought an amulet of reflection for 360 gold pieces
 27475 | Orc:2    | Found a runed translucent door.
 27494 | Orc:2    | Noticed feta's ghost (journeyman TrMo)
 27594 | Orc:2    | Found a staircase to the Elven Halls.
 27727 | Orc:2    | Killed feta's ghost
 28192 | D:9      | Identified a +9 broad axe of distortion (a +9 spectral
                  | broad axe corrupted by Lugonu)
 28192 | D:9      | Received a gift from Lugonu
 28374 | Swamp:1  | Entered Level 1 of the Swamp
 29664 | Swamp:2  | Found a runed translucent gate.
 29664 | Swamp:2  | Found a runed translucent gate.
 29664 | Swamp:2  | Found a runed translucent gate.
 29665 | Swamp:2  | Noticed hemabe71's ghost (adept HuAr)
 30111 | Swamp:2  | Killed hemabe71's ghost
 31159 | Swamp:4  | Entered Level 4 of the Swamp
 31421 | Swamp:3  | HP: 3/127 [12-headed hydra (11)]
 31436 | Swamp:2  | HP: 6/127 [poisoned by a swamp dragon (blast of poison)]
 31848 | Swamp:3  | Reached XP level 16. HP: 106/134 MP: 25/25
 32725 | Swamp:4  | Noticed the 27-headed Lernaean hydra
 33009 | Swamp:4  | Noticed Aizul
 33015 | Swamp:4  | Killed from afar by Aizul

Illustrated notes

Levels and vault maps discovered:
D:1:      dpeg_arrival_leaves_temple_mockup, layout_basic,
          hellmonk_ecumenical_altar_zigzags, serial_glass, glass_columns_b,
          glass_columns_c, minmay_misc_feat_four_crosses, minmay_tall_x
D:2:      layout_rooms, minmay_large_rounded_square, kennysheep_path_1,
          minmay_strange_pillars
D:3:      layout_loops_ring, lemuel_crystal_altar, grunt_decor_one_mirror,
          uniq_sigmund
D:4:      minmay_opposing_rooms, layout_basic, minmay_liquid_box
D:5:      layout_cave_pools, lemuel_tele_altar
D:6:      layout_loops_cross, temple_green, enter_ossuary_3
D:7:      layout_rooms, serial_bayou_pond_a
D:8:      layout_loops_ring, gammafunk_temple_overflow_elements
D:9:      layout_roguey, elyvilon_altar_3, david_orc_4,
          biasface_ghost_orc_armoury, grunt_decor_fettered, minivault_7
D:10:     layout_irregular_city, kennysheep_mini_moat, uniq_erolcha,
          uniq_nergalle
D:11:     layout_stronghold, lair_entry_dummy
Lair:1:   layout_loops_ring, serial_bayou, serial_bayou_lake_a,
          serial_bayou_lagoon_b, serial_bayou_lagoon_a, serial_bayou_pond_e,
          uniq_grum
Lair:2:   layout_gridlike, infiniplex_staircase_pool_2
Lair:3:   layout_misc_corridors, gauntlet_entry_generic
Lair:4:   pond_and_an_island_with_a_cottage, layout_cave_shapes,
          palyth_hydra_swamp_entry, spider_nest_entry_funnel_web,
          serial_bayou_ford_a
Lair:5:   layout_loops_ring, slime_altar_1
Lair:6:   due_jungle_book, layout_big_grid, uniq_urug
Swamp:1:  layout_basic_swamp, nicolae_swamp_triple_paths
Swamp:2:  layout_basic_swamp, ebering_ghost_rock_garden,
          evilmike_swamp_ruin_house_2, nicolae_swamp_bean_lake
Swamp:3:  layout_basic_swamp, hangedman_swamp_ruin_wall
Swamp:4:  grunt_swamp_rune_castle, layout_basic_swamp, swamp_pool1, uniq_aizul
Slime:1:  layout_caves, cheibrodos_slime_lost_civilization_7
Orc:1:    layout_diamond_mine
Orc:2:    st_orc_open, layout_caves, ebering_ghost_reflecting_pool,
          serial_shops, shop, nicolae_volcano_entry_two_sided

Skill      XL: |  1  2  3  4  5  6  7  8  9 10 11 12 13 14 15 16 |
---------------+-------------------------------------------------+-----
Axes           | 3 6 7 9 11 13 14 16 17 18 | 18.0
Shields        | 2 5 6 8 9 |  9.0
Fighting       | 5 8 10 11 12 | 12.0
Armour         | 7 9 11 12 | 12.3
Invocations    | 9 12 13 | 13.4
Dodging        | |  0.7

Action                   |  1- 3 |  4- 6 |  7- 9 | 10-12 | 13-15 | 16-18 || total
-------------------------+-------+-------+-------+-------+-------+-------++-------
Melee: Hand axe          |    99 |   131 |   358 |       |       |       ||   588
       Tailslap          |    17 |    13 |    78 |    69 |   182 |    21 ||   380
       Broad axe         |       |       |    86 |   371 |   672 |    51 ||  1180
Throw: Dart              |       |     5 |    38 |    15 |       |       ||    58
Invok: Depart the Abyss  |     1 |       |       |       |       |       ||     1
       Brand Weapon With |       |       |       |       |     1 |       ||     1
 Abil: Rolling Charge    |       |     4 |     4 |    20 |    24 |     5 ||    57
Evoke: Wand              |       |       |     7 |    19 |    10 |     4 ||    40
       Condenser vane    |       |       |       |       |     1 |       ||     1
  Use: Scroll            |     1 |     9 |     8 |    20 |     4 |     2 ||    44
       Potion            |     5 |     1 |     4 |     2 |     3 |     3 ||    18
 Stab: Invisible         |     1 |       |       |       |       |       ||     1
       Distracted        |       |       |       |     2 |    16 |       ||    18
       Sleeping          |       |       |       |     1 |     7 |       ||     8
Armor: Leather armour    |    14 |       |       |       |       |       ||    14
       Ring mail         |    17 |     9 |       |       |       |       ||    26
       Scale mail        |       |    39 |   191 |   211 |   156 |       ||   597
       Skin              |       |     1 |       |       |       |       ||     1
       Plate armour      |       |       |       |       |   238 |    87 ||   325
Dodge: Dodged            |    54 |    51 |   143 |    85 |   100 |    13 ||   446
Block: Kite shield       |       |       |       |   196 |   382 |    57 ||   635
       Reflection        |       |       |       |       |     5 |       ||     5

Table legend: (Time is in decaauts)
 A = Elapsed time spent in this place.
 B = Non-inter-level travel time spent in this place.
 C = Inter-level travel time spent in this place.
 D = Time resting spent in this place.
 E = Time spent auto-exploring this place.
 F = Levels seen in this place.
 G = Mean time per level.
                   A        B        C        D        E       F      G
               +--------+--------+--------+--------+--------+-----+--------+
         Total |  32770 |  31502 |   1268 |   7860 |  18919 |  28 | 1170.4 |
       Dungeon |  16142 |  15508 |    634 |   3909 |   9616 |  11 | 1467.5 |
          Lair |   8309 |   7989 |    320 |   1276 |   5768 |   6 | 1384.8 |
         Swamp |   4572 |   4483 |     89 |   1895 |   2125 |   4 | 1143.0 |
    Slime Pits |     40 |     40 |      0 |      0 |      9 |   1 |   40.0 |
  Orcish Mines |   1695 |   1471 |    224 |    189 |    975 |   2 |  847.5 |
         Abyss |     78 |     78 |      0 |      0 |     71 |   1 |   78.0 |
       Ossuary |    439 |    439 |      0 |     29 |    161 |   1 |  439.0 |
       Volcano |    473 |    473 |      0 |     81 |    171 |   1 |  473.0 |
      Gauntlet |   1018 |   1018 |      0 |    481 |     23 |   1 | 1018.0 |
               +--------+--------+--------+--------+--------+-----+--------+

Top non-repeatable levels by time:
     D:4: 2729 daAuts
  Lair:6: 2519 daAuts
     D:9: 2340 daAuts
 Swamp:3: 2044 daAuts
     D:5: 1612 daAuts
  Lair:1: 1532 daAuts
     D:8: 1486 daAuts
  Lair:4: 1449 daAuts
     D:6: 1433 daAuts
 Swamp:2: 1339 daAuts
     D:7: 1312 daAuts
    D:11: 1217 daAuts
     D:1: 1060 daAuts
    D:10: 1030 daAuts
Gauntlet: 1018 daAuts
